 Dungeon Crawl Stone Soup version 0.17-a0-1554-g3b847ca (webtiles) character file.

891 emikaela the Slicer (level 7, -7/49 HPs)
             Began as a High Elf Wanderer on July 19, 2015.
             Mangled by an ice beast (8 damage)
             ... on level 5 of the Dungeon.
             The game lasted 00:16:12 (6565 turns).

emikaela the Slicer (High Elf Wanderer)             Turns: 6565, Time: 00:16:12

Health: -7/49      AC:  3    Str: 11    XL:     7   Next: 77%
Magic:  11/11      EV: 14    Int: 14    God:
Gold:   224        SH:  0    Dex: 17    Spells: 0 memorised, 10 levels left

rFire  . . .     SeeInvis +     a - +2 short sword
rCold  . . .     Clarity  .     e - +0 robe
rNeg   . . .     SustAt   .     (no shield)
rPois  .         Gourm    .     (helmet restricted)
rElec  .         Spirit   .     (no cloak)
rCorr  .         Warding  .     (no gloves)
rMut   .         Stasis   .     N - +0 pair of boots
MR     .....                    (no amulet)
Stlth  ++........               (no ring)
                                (no ring)

@: invisible, not resistant to hostile enchantments, unstealthy
A: horns 1, see invisible, weak 1
a: no special abilities


You were on level 5 of the Dungeon.
You were not hungry.

You visited 1 branch of the dungeon, and saw 5 of its levels.

You collected 224 gold pieces.

Inventory:

Hand weapons
 a - a +2 short sword (weapon)
 b - a +0 blowgun
 l - a +0 short sword of venom
 n - a +0 dagger of venom
 z - a +0 falchion of draining
 D - a +0 dagger of speed
 H - a +4 dagger
Missiles
 g - 49 sling bullets
 h - 228 stones (quivered)
 p - a throwing net
 q - 8 arrows
 y - 13 poisoned needles
 F - 18 bolts
 J - 15 arrows of frost
Armour
 e - a +0 robe (worn)
 N - a +0 pair of boots (worn)
Magical devices
 L - a wand of flame (28)
Scrolls
 i - a scroll of fear
 k - 2 scrolls of teleportation
 o - a scroll of remove curse {unknown}
 s - a scroll of recharging
 x - a scroll of blinking {unknown}
 B - a scroll of amnesia {unknown}
 C - a scroll of enchant armour {unknown}
 K - 3 scrolls of enchant weapon {unknown}
 O - a scroll of identify {unknown}
Potions
 c - a potion of might
 j - a potion of invisibility
 m - 2 potions of flight {unknown}
 r - a potion of mutation
 t - 2 potions of degeneration {unknown}
 u - a potion of poison {unknown}
 A - a potion of curing {unknown}
 E - a potion of brilliance {unknown}
 G - 3 potions of haste {unknown}
Books
 d - the Collected Works on Flight

   Spells                             Type                      Level
   a - Shock                          Conjuration/Air              1
   b - Swiftness                      Charms/Air                   2
Comestibles
 f - 6 bread rations
 v - a beef jerky
 w - 3 fruits
 M - a meat ration


   Skills:
 + Level 4.9 Fighting
 * Level 8.2 Short Blades
 - Level 2.1 Throwing
 + Level 4.2 Dodging
 - Level 1.1 Stealth
 - Level 2.4 Spellcasting
   Level 1.1 Conjurations


You had 10 spell levels left.
You didn't know any spells.

Dungeon Overview and Level Annotations

Branches:
Dungeon (5/15)
 Temple: D:4-7

Altars:


Innate Abilities, Weirdness & Mutations

You have a pair of small horns on your head.
You have supernaturally acute eyesight.
You are weak. (Str -2)


Message History

The ice beast hits you. The ice beast freezes you!
* * * LOW HITPOINT WARNING * * *
You are too injured to fight recklessly!
You hit the ice beast but do no damage.
The ice beast is severely wounded.
The ice beast hits you.
* * * LOW HITPOINT WARNING * * *
The ice beast freezes you.
* * * LOW HITPOINT WARNING * * *
Drink which item? (? for menu, Esc to quit)
It was a potion of mutation.
You feel extremely strange.
Your vision sharpens.
You feel weaker. A pair of horns grows on your head!
The ice beast closely misses you.
Drink which item? (? for menu, Esc to quit)
It was a potion of invisibility.
You fade into invisibility!
The ice beast hits you.
* * * LOW HITPOINT WARNING * * *
The ice beast freezes you!
You die...

.........'..'.'...#
.........#.##.#...#
###+#....#'##'#.^.#
..'....+.##.#...#
+..#....#....+...#
####....#'##'#...+
..............#
...............##+##
...........@...%.#
............Y....#
.......#'##+#(...#
.......'..+ .(..#
.......#+## ...(#
....... ...'.
....... ..#. .......
..# ##'###.


You could see an ice beast.

Vanquished Creatures
  Sigmund (D:4)
  Edmund (D:4)
  2 ogres (D:4)
  A phantom (D:4)
  A jelly (D:4)
  2 orc priests
  An orc wizard (D:4)
  A centaur skeleton (D:4)
  2 worker ants (D:4)
  A hound skeleton (D:4)
  A gnoll (D:1)
  5 adders
  2 worms
  3 giant geckos
  10 orcs
  2 ball pythons (D:4)
  10 bats
  A bat skeleton (D:4)
  A bat zombie (D:5)
  6 giant cockroaches
  5 goblins
  6 hobgoblins
  9 kobolds
  3 quokkas
  4 giant newts
  2 jackals (D:2)
  A jackal skeleton (D:4)
  A quokka skeleton (D:4)
  17 rats
102 creatures vanquished.

Notes
Turn   | Place    | Note
--------------------------------------------------------------
     0 | D:1      | emikaela the High Elf Wanderer began the quest for the Orb.
     0 | D:1      | emikaela set off with: a +2 short sword, the Collected Works on Flight, 9 poisoned needles, a +0 blowgun, a +0 robe, a bread ration
     0 | D:1      | Reached XP level 1. HP: 16/16 MP: 4/4
     0 | D:1      | Identified the Collected Works on Flight
   702 | D:1      | Reached XP level 2. HP: 9/21 MP: 6/6
  1615 | D:2      | Reached XP level 3. HP: 22/26 MP: 7/7
  1814 | D:2      | Reached skill level 4 in Short Blades
  2409 | D:2      | Reached XP level 4. HP: 11/31 MP: 8/8
  2898 | D:2      | Reached skill level 1 in Dodging
  3301 | D:3      | Reached skill level 5 in Short Blades
  4061 | D:4      | Noticed an ogre
  4080 | D:4      | Killed an ogre
  4080 | D:4      | Reached XP level 5. HP: 36/36 MP: 9/9
  4188 | D:4      | Noticed a phantom
  4192 | D:4      | Noticed an ogre
  4218 | D:4      | Killed an ogre
  4218 | D:4      | Reached skill level 6 in Short Blades
  4218 | D:4      | Reached XP level 6. HP: 41/43 MP: 10/10
  4244 | D:4      | Killed a phantom
  5167 | D:4      | Reached skill level 7 in Short Blades
  5202 | D:4      | Reached XP level 7. HP: 33/48 MP: 11/11
  5773 | D:4      | Noticed Edmund
  5796 | D:4      | Killed Edmund
  6009 | D:4      | Noticed Sigmund
  6013 | D:4      | Killed Sigmund
  6013 | D:4      | Reached skill level 8 in Short Blades
  6373 | D:5      | Entered Level 5 of the Dungeon
  6564 | D:5      | Gained mutation: You have supernaturally acute eyesight. [potion of mutation]
  6564 | D:5      | Gained mutation: You are weak. (Str -2) [potion of mutation]
  6564 | D:5      | Gained mutation: You have a pair of small horns on your head. [potion of mutation]
  6565 | D:5      | HP: 1/49 [ice beast (3)]
  6565 | D:5      | Mangled by an ice beast

Vault maps used:
D:1:      grunt_arrival_crossed_arrows, st_stairs_8, grunt_decor_arrowhead,
          corexii_corridor_pit
D:2:      first_bread
D:4:      portal_sewer_entry_b, sigmund_edmund_badplayer

Action                   |  1- 3 |  4- 6 |  7- 9 || total
-------------------------+-------+-------+-------++-------
Melee: Short sword       |   137 |   137 |    99 ||   373
 Fire: Blowgun           |    12 |    18 |     8 ||    38
Throw: Stone             |     2 |    17 |       ||    19
       Throwing net      |     1 |       |       ||     1
       Tomahawk          |       |       |     4 ||     4
  Use: Potion            |       |     2 |     2 ||     4
       Scroll            |       |     1 |     2 ||     3
 Stab: Sleeping          |     1 |     8 |     1 ||    10
       Distracted        |       |       |     1 ||     1
  Eat: Chunk             |     5 |     8 |     5 ||    18
